 Dungeon Crawl Stone Soup version 0.27.1-34-g3ba077fa99 (webtiles) character file.

Game seed: 5586381288338187846

96 multipassport the Skirmisher (level 4, -1/43 HPs)
             Began as an Ogre Gladiator on Jan 15, 2022.
             Was an Initiate of Ashenzari.
             Slain by an orc (4 damage)
             ... on level 2 of the Dungeon.
             The game lasted 00:06:12 (2210 turns).

multipassport the Skirmisher (Ogre Gladiator)       Turns: 2210, Time: 00:06:12

Health: -1/43      AC:  3    Str: 18 (19) XL:     4   Next: 67%
Magic:  4/4        EV: 10    Int:  9      God:    Ashenzari [......]
Gold:   91         SH:  0    Dex: 10      Spells: 3/3 levels left

rFire    . . .     SeeInvis .   i - +0 battleaxe
rCold    . . .     Faith    .   (shield currently unavailable)
rNeg     . . .     Spirit   .   b - +0 robe
rPois    .         Reflect  .   c - +0 hat
rElec    .         Harm     .   (no cloak)
rCorr    .         Rampage  .   (gloves unavailable)
Will     .....                  (boots unavailable)
Stlth    +.........             (no amulet)
HPRegen  0.14/turn              (no ring)
MPRegen  0.09/turn              (no ring)

@: no status effects
A: large, unfitting armour, tough skin 1, horns 2, deterioration 1, frail 1
a: Renounce Religion, Curse Item


You were on level 2 of the Dungeon.
You worshipped Ashenzari.
Ashenzari was noncommittal.
You visited 1 branch of the dungeon, and saw 2 of its levels.

You collected 91 gold pieces.

Inventory:

Hand Weapons
 i - a +0 battleaxe (weapon)
Missiles
 d - 3 throwing nets (quivered)
Armour
 b - a +0 robe (worn)
 c - a +0 hat (worn)
Scrolls
 f - a scroll of identify
 g - a scroll of torment
 h - a scroll of noise
 k - a scroll of teleportation
Potions
 a - 2 potions of curing
 e - 2 potions of cancellation
 j - a potion of flight


   Skills:
 + Level 4.1 Fighting
 + Level 3.9 Axes
 - Level 2.0 Throwing
 + Level 3.5 Dodging


You had 3 spell levels left.
You didn't know any spells.
Your spell library contained the following spells:

 Spells                   Type           Power      Damage    Failure   Level
 Foxfire                  Conj/Fire      0%         2x1d4     38%         1
 Conjure Flame            Conj/Fire      0%         6-21      77%         3
 Inner Flame              Hex/Fire       0%         N/A       77%         3


Dungeon Overview and Level Annotations

Branches:
Dungeon (2/15)

Altars:
Ashenzari
Yredelemnul


Innate Abilities, Weirdness & Mutations

You are too large for most types of armour.
You have tough skin. (AC +1)
You have a pair of horns on your head.
Your body sometimes deteriorates upon taking damage.
You are frail. (-10% HP)


Message History

An orc comes into view. It is wielding a +0 short sword.
The goblin hits you with a +0 dagger.
You closely miss the orc.
The orc shouts!
Your headbutt misses the orc. You closely miss the goblin.
You hear a shout!
The goblin hits you with a +0 dagger. The orc hits you with a +0 mace.
You hit the orc.
The orc is moderately wounded.
You closely miss the goblin. The goblin barely misses you.
The orc barely misses you. The goblin hits you with a +0 dagger.
The orc hits you with a +0 mace.
You closely miss the orc.
The orc is moderately wounded.
You closely miss the goblin. The goblin hits you but does no damage.
The orc hits you with a +0 mace! The goblin hits you with a +0 dagger.
An orc comes into view. It is wielding a +0 falchion.
You barely miss the orc.
The orc is moderately wounded.
The orc hits you with a +0 mace! The orc closely misses you.
You closely miss the orc.
The orc shouts!
Your headbutt misses the orc.
The orc is moderately wounded.
The orc hits you with a +0 mace.
* * * LOW HITPOINT WARNING * * *
Your body deteriorates!
You feel weakened.
You barely miss the orc.
The orc is moderately wounded.
The orc closely misses you. The orc hits you with a +0 mace!
* * * LOW HITPOINT WARNING * * *
You barely miss the orc.
The orc is moderately wounded.
The orc hits you but does no damage.
You slash the orc!
You kill the orc!
You barely miss the orc. You hit the orc. The orc misses you.
The orc hits you but does no damage. The orc hits you with a +0 short sword.
You die...

##############
#####..g..........
#....g.o.......#
#.####.###.########.# ..
#>........go@o...... ...
#######...#.####..... ...
..........#.####.###.###.#.#
##.............#...###...#.##
#.............#.#.#.#.###..
#.............#.#......#...
######......)...###.#.###.#
#........+..#......#.#
####.......###.#.#.#.#


You could see 2 orcs and a goblin.

Vanquished Creatures
  5 adders (D:2)
  A worm (D:2)
  2 dart slugs (D:1)
  2 orcs (D:2)
  5 ball pythons
  2 bats
  4 endoplasms
  2 giant cockroaches
  2 goblins (D:1)
  4 hobgoblins
  4 kobolds (D:1)
  2 quokkas
  4 frilled lizards
  2 rats
41 creatures vanquished.

Notes
Turn   | Place    | Note
-------+----------+-------------------------------------------
     0 | D:1      | multipassport the Ogre Gladiator began the quest for the
                  | Orb.
     0 | D:1      | Reached XP level 1. HP: 22/22 MP: 1/1
    58 | D:1      | Reached skill level 3 in Fighting
    58 | D:1      | Reached XP level 2. HP: 14/31 MP: 2/2
   726 | D:1      | Reached XP level 3. HP: 36/37 MP: 3/3
  1194 | D:2      | Found a basalt altar of Yredelemnul.
  1272 | D:2      | Found a faded altar of an unknown god.
  1289 | D:2      | Became a worshipper of Ashenzari the Shackled
  1624 | D:2      | Reached XP level 4. HP: 13/48 MP: 4/4
  1896 | D:2      | Reached skill level 4 in Fighting
  2154 | D:2      | Gained mutation: You are frail. (-10% HP) [potion of
                  | mutation]
  2154 | D:2      | Gained mutation: You have a pair of small horns on your
                  | head. [potion of mutation]
  2154 | D:2      | Gained mutation: Your body sometimes deteriorates upon
                  | taking damage. [potion of mutation]
  2154 | D:2      | Gained mutation: You have a pair of horns on your head.
                  | [potion of mutation]
  2207 | D:2      | HP: 2/43 [orc (7)]
  2210 | D:2      | Slain by an orc

Illustrated notes

Levels and vault maps discovered:
D:1:      amcnicky_arrival_single_pillar, layout_loops_ring
D:2:      layout_basic, basic_ecumenical_altar, serial_shops, shop, basic_altar,
          minmay_indecisive_spiral

Skill      XL: |  1  2  3  4 |
---------------+-------------+-----
Fighting       | 3 4 |  4.1
Dodging        | 3 |  3.5
Axes           | |  3.9
Throwing       | |  2.0

Action                   |  1- 3 |  4- 6 || total
-------------------------+-------+-------++-------
Melee: War axe           |    77 |       ||    77
       Battleaxe         |     9 |    38 ||    47
  Use: Potion            |       |     1 ||     1
 Stab: Sleeping          |     1 |     1 ||     2
Armor: Robe              |    25 |    14 ||    39
Dodge: Dodged            |    40 |    20 ||    60
